SR
STATEN ISLAND PIZZA RATS @ MOOSE JAW CANUCKS
07/13/2034
 
TOP OF THE 1ST
Staten Island Pizza Rats batting - Pitching for Moose Jaw Canucks : RHP Luis Cuevas
Pitching: RHP Luis Cuevas
Batting: LHB Puck Schit 0-0: Swinging Strike
0-1: Ball
1-1: Foul Ball, location: 2F
1-2: Ball
2-2: Strikes out looking
Batting: RHB Albert McBride 0-0: Ball
1-0: Ball
2-0: Called Strike
2-1: Called Strike
2-2: Fly out, F8 (Flyball, 8RM)
Batting: RHB Doug Becker 0-0: Ball
1-0: Fly out, F7 (Flyball, 7S)
Top of the 1st over - 0 runs, 0 hits, 0 errors, 0 left on base; Staten Island 0 - Moose Jaw 0
BOTTOM OF THE 1ST
Moose Jaw Canucks batting - Pitching for Staten Island Pizza Rats : LHP Artur Corteso
Pitching: LHP Artur Corteso
Batting: RHB Gary Bruce 0-0: Ball
1-0: Ground out 5-3 (Groundball, 56)
Batting: SHB Ricardo Serna 0-0: Ball
1-0: Ball
2-0: Ball
3-0: Called Strike
3-1: SINGLE (Groundball, 34S) (infield hit)
Batting: RHB Álex Chávez 0-0: Ball
1-0: Ball
2-0: Swinging Strike
2-1: Foul Ball, location: 2F
2-2: Ball
3-2: Base on Balls
Ricardo Serna to second
Batting: RHB Tim O'Brian 0-0: Ball
1-0: Foul Ball, location: 2F
1-1: Ball
2-1: Foul Ball, location: 2F
2-2: Ball
3-2: SINGLE (Line Drive, 56D)
Ricardo Serna to third
Álex Chávez to second
Batting: RHB An-te-hai Qing 0-0: Ball
1-0: Ball
2-0: Ball
Passed Ball!
Ricardo Serna scores
Álex Chávez to third
Tim O'Brian to second
3-0: Called Strike
3-1: Foul Ball, location: 2F
3-2: Foul Ball, location: 2F
3-2: SINGLE (Line Drive, 8LS)
Álex Chávez scores
Tim O'Brian to third
Runner from 3rd tries for Home, SAFE, no throw
Batting: LHB Fernando Sandoval 0-0: DOUBLE (Flyball, 8RD)
An-te-hai Qing to third
Batting: LHB Bryan Decker 0-0: Ball
1-0: Fly out, F8 (Flyball, 78D)
Runner from 3rd tags up, SCORES, no throw
Batting: RHB Bernardo Rodríguez 0-0: Called Strike
0-1: Ball
1-1: Foul Ball, location: 2F
1-2: Strikes out swinging
Bottom of the 1st over - 4 runs, 4 hits, 0 errors, 1 left on base; Staten Island 0 - Moose Jaw 4
TOP OF THE 2ND
Staten Island Pizza Rats batting - Pitching for Moose Jaw Canucks : RHP Luis Cuevas
Batting: LHB Tony Rincón 0-0: Called Strike
0-1: Ball
1-1: Ball
2-1: Called Strike
2-2: Strikes out swinging
Batting: RHB Brock Waxley 0-0: Fly out, F9 (Flyball, 9)
Batting: LHB Ismael Soto 0-0: Ball
1-0: Ball
2-0: Swinging Strike
2-1: Ball
3-1: Foul Ball, location: 2F
3-2: Foul Ball, location: 2F
3-2: Foul Ball, location: 2F
3-2: Strikes out swinging
Top of the 2nd over - 0 runs, 0 hits, 0 errors, 0 left on base; Staten Island 0 - Moose Jaw 4
BOTTOM OF THE 2ND
Moose Jaw Canucks batting - Pitching for Staten Island Pizza Rats : LHP Artur Corteso
Batting: RHB Louis Gielens 0-0: Ball
1-0: Foul Ball, location: 2F
1-1: Ball
2-1: Swinging Strike
2-2: Fly out, F8 (Flyball, 8LM)
Batting: RHB Gary Bruce 0-0: Fly out, F9 (Flyball, 89D)
Batting: SHB Ricardo Serna 0-0: Ball
1-0: Swinging Strike
1-1: Ball
2-1: Fly out, F4 (Line Drive, 4MS)
Bottom of the 2nd over - 0 runs, 0 hits, 0 errors, 0 left on base; Staten Island 0 - Moose Jaw 4
TOP OF THE 3RD
Staten Island Pizza Rats batting - Pitching for Moose Jaw Canucks : RHP Luis Cuevas
Batting: RHB Curt Rovira 0-0: Ball
1-0: Swinging Strike
1-1: Ball
2-1: Ground out 3-1 (Groundball, 34S)
Batting: RHB Jack Lynch 0-0: Ball
1-0: Called Strike
1-1: Ground out 6-3 (Groundball, 6M)
Batting: LHB Carlos Sánchez 0-0: Called Strike
0-1: Ground out 1-3 (Groundball, 13S)
Top of the 3rd over - 0 runs, 0 hits, 0 errors, 0 left on base; Staten Island 0 - Moose Jaw 4
BOTTOM OF THE 3RD
Moose Jaw Canucks batting - Pitching for Staten Island Pizza Rats : LHP Artur Corteso
Batting: RHB Álex Chávez 0-0: SINGLE (Groundball, 25) (infield hit)
Batting: RHB Tim O'Brian 0-0: Ball
1-0: Called Strike
1-1: Foul Ball, location: 2F
1-2: Foul Ball, location: 2F
1-2: Ball
2-2: Ball
3-2: Fly out, F9 (Flyball, 89S)
Batting: RHB An-te-hai Qing 0-0: SINGLE (Flyball, 8LM)
Álex Chávez to second
Batting: LHB Fernando Sandoval 0-0: Called Strike
0-1: Called Strike
0-2: Ball
1-2: Fly out, F4 (Popup, 3D)
Batting: LHB Bryan Decker 0-0: Ball
1-0: SINGLE (Groundball, 34S) (infield hit)
Álex Chávez to third
An-te-hai Qing to second
Batting: RHB Bernardo Rodríguez 0-0: Ball
1-0: Ground out 5-3 (Groundball, 56)
Bottom of the 3rd over - 0 runs, 3 hits, 0 errors, 3 left on base; Staten Island 0 - Moose Jaw 4
TOP OF THE 4TH
Staten Island Pizza Rats batting - Pitching for Moose Jaw Canucks : RHP Luis Cuevas
Batting: LHB Puck Schit 0-0: Ball
1-0: Ball
2-0: Ball
3-0: Called Strike
3-1: Foul Ball, location: 2F
3-2: Hit by Pitch
Batting: RHB Albert McBride 0-0: Called Strike
0-1: Ball
1-1: Ball
2-1: Foul Ball, location: 2F
2-2: Strikes out swinging
Batting: RHB Doug Becker 0-0: Called Strike
0-1: Ball
1-1: Foul Ball, location: 2F
1-2: Strikes out swinging
Batting: LHB Tony Rincón 0-0: Ball
Puck Schit steals 2nd base
1-0: Ball
2-0: Called Strike
2-1: Ball
3-1: Foul Ball, location: 2F
3-2: Fly out, F5 (Popup, 5S)
Top of the 4th over - 0 runs, 0 hits, 0 errors, 1 left on base; Staten Island 0 - Moose Jaw 4
BOTTOM OF THE 4TH
Moose Jaw Canucks batting - Pitching for Staten Island Pizza Rats : LHP Artur Corteso
Batting: RHB Louis Gielens 0-0: Ball
1-0: Swinging Strike
1-1: Fly out, F8 (Flyball, 8RM)
Batting: RHB Gary Bruce 0-0: Foul Ball, location: 2F
0-1: Ground out 3-1 (Groundball, 34)
Batting: SHB Ricardo Serna 0-0: Called Strike
0-1: Ball
1-1: Ball
2-1: Ball
3-1: Called Strike
3-2: Foul Ball, location: 2F
3-2: Base on Balls
Batting: RHB Álex Chávez 0-0: DOUBLE (Flyball, 8RD)
Ricardo Serna to third
Runner from 3rd tries for Home, SAFE, no throw
Batting: RHB Tim O'Brian 0-0: Swinging Strike
0-1: Foul Ball, location: 2F
0-2: Strikes out swinging
Bottom of the 4th over - 1 run, 1 hit, 0 errors, 1 left on base; Staten Island 0 - Moose Jaw 5
TOP OF THE 5TH
Staten Island Pizza Rats batting - Pitching for Moose Jaw Canucks : RHP Luis Cuevas
Batting: RHB Brock Waxley 0-0: Called Strike
0-1: Ground out 5-3 (Groundball, 56)
Batting: LHB Ismael Soto 0-0: Ball
1-0: Ball
2-0: Foul Ball, location: 2F
2-1: Fly out, F9 (Flyball, 9)
Batting: RHB Curt Rovira 0-0: Ball
1-0: Called Strike
1-1: Ball
2-1: Swinging Strike
2-2: Strikes out swinging
Top of the 5th over - 0 runs, 0 hits, 0 errors, 0 left on base; Staten Island 0 - Moose Jaw 5
BOTTOM OF THE 5TH
Moose Jaw Canucks batting - Pitching for Staten Island Pizza Rats : LHP Artur Corteso
Batting: RHB An-te-hai Qing 0-0: Foul Ball, location: 2F
0-1: Called Strike
0-2: Foul Ball, location: 2F
0-2: Ball
1-2: Ball
2-2: Strikes out swinging
Batting: LHB Fernando Sandoval 0-0: Ball
1-0: Ball
2-0: Swinging Strike
2-1: Ball
3-1: Base on Balls
Batting: LHB Bryan Decker 0-0: Ball
1-0: Called Strike
1-1: Ball
2-1: Foul Ball, location: 2F
2-2: Ball
3-2: Base on Balls
Fernando Sandoval to second
Batting: RHB Bernardo Rodríguez 0-0: Called Strike
0-1: Ball
1-1: Fly out, F9 (Flyball, 9S)
Batting: RHB Louis Gielens 0-0: Ball
1-0: Called Strike
1-1: Ball
2-1: Swinging Strike
2-2: Strikes out swinging
Bottom of the 5th over - 0 runs, 0 hits, 0 errors, 2 left on base; Staten Island 0 - Moose Jaw 5
TOP OF THE 6TH
Staten Island Pizza Rats batting - Pitching for Moose Jaw Canucks : RHP Luis Cuevas
Batting: RHB Jack Lynch 0-0: Ball
1-0: Ball
2-0: Ball
3-0: Called Strike
3-1: Fly out, F4 (Line Drive, 4)
Batting: LHB Carlos Sánchez 0-0: Fly out, F7 (Flyball, 7S)
Batting: LHB Puck Schit 0-0: Called Strike
0-1: Ball
1-1: Fly out, F8 (Flyball, 8LXD)
Top of the 6th over - 0 runs, 0 hits, 0 errors, 0 left on base; Staten Island 0 - Moose Jaw 5
BOTTOM OF THE 6TH
Moose Jaw Canucks batting - Pitching for Staten Island Pizza Rats : LHP Artur Corteso
Batting: RHB Gary Bruce 0-0: Ball
1-0: Called Strike
1-1: Swinging Strike
1-2: Ball
2-2: Ball
3-2: Fly out, F9 (Flyball, 9S)
Pitching: LHP Keun-ho Cho
Batting: SHB Ricardo Serna 0-0: Called Strike
0-1: Foul Ball, location: 2F
0-2: Foul Ball, location: 2F
0-2: Fly out, F7 (Flyball, 7LM)
Batting: RHB Álex Chávez 0-0: Called Strike
0-1: Called Strike
0-2: Foul Ball, location: 2F
0-2: Fly out, F9 (Flyball, 9D)
Bottom of the 6th over - 0 runs, 0 hits, 0 errors, 0 left on base; Staten Island 0 - Moose Jaw 5
TOP OF THE 7TH
Staten Island Pizza Rats batting - Pitching for Moose Jaw Canucks : RHP Luis Cuevas
Batting: RHB Albert McBride 0-0: Called Strike
0-1: Called Strike
0-2: Ball
1-2: Ball
2-2: Strikes out swinging, 2-3 out at first.
Batting: RHB Doug Becker 0-0: Ball
1-0: Ball
2-0: Called Strike
2-1: Foul Ball, location: 2F
2-2: Strikes out swinging
Batting: LHB Tony Rincón 0-0: Ball
1-0: Foul Ball, location: 2F
1-1: Ground out 4-3 (Groundball, 4)
Top of the 7th over - 0 runs, 0 hits, 0 errors, 0 left on base; Staten Island 0 - Moose Jaw 5
BOTTOM OF THE 7TH
Moose Jaw Canucks batting - Pitching for Staten Island Pizza Rats : LHP Keun-ho Cho
Batting: RHB Tim O'Brian 0-0: Ball
1-0: Called Strike
1-1: Foul Ball, location: 2F
1-2: Fly out, F3 (Popup, 34S)
Batting: RHB An-te-hai Qing 0-0: Called Strike
0-1: Ball
1-1: Ball
2-1: Ball
3-1: Base on Balls
Batting: LHB Fernando Sandoval 0-0: Ball
1-0: Foul Ball, location: 2F
1-1: Ball
2-1: Ball
3-1: Foul Ball, location: 2F
3-2: Strikes out looking
An-te-hai Qing steals 2nd base
Batter strikes out.
Batting: LHB Bryan Decker 0-0: Swinging Strike
0-1: Ball
1-1: Foul Ball, location: 2F
1-2: SINGLE (Groundball, 4) (infield hit)
An-te-hai Qing to third
Batting: RHB Bernardo Rodríguez 0-0: Called Strike
0-1: Foul Ball, location: 2F
0-2: Foul Ball, location: 2F
0-2: Foul Ball, location: 2F
0-2: Ball
1-2: Ground out 4-3 (Groundball, 34D)
Bottom of the 7th over - 0 runs, 1 hit, 0 errors, 2 left on base; Staten Island 0 - Moose Jaw 5
TOP OF THE 8TH
Staten Island Pizza Rats batting - Pitching for Moose Jaw Canucks : RHP Luis Cuevas
Now at 1B: John Castro
Batting: RHB Brock Waxley 0-0: Swinging Strike
0-1: Swinging Strike
0-2: Ball
1-2: Strikes out swinging
Batting: LHB Ismael Soto 0-0: Ball
1-0: Ball
2-0: Ground out 4-3 (Groundball, 4S)
Batting: RHB Curt Rovira 0-0: Called Strike
0-1: Ball
1-1: Foul Ball, location: 2F
1-2: Strikes out swinging
Top of the 8th over - 0 runs, 0 hits, 0 errors, 0 left on base; Staten Island 0 - Moose Jaw 5
BOTTOM OF THE 8TH
Moose Jaw Canucks batting - Pitching for Staten Island Pizza Rats : LHP Keun-ho Cho
Batting: RHB Louis Gielens 0-0: Swinging Strike
0-1: Ball
1-1: Ball
2-1: Called Strike
2-2: Strikes out swinging
Batting: RHB Gary Bruce 0-0: Called Strike
0-1: Ball
1-1: Swinging Strike
1-2: Fly out, F8 (Flyball, 8LD)
Batting: SHB Ricardo Serna 0-0: Called Strike
0-1: Called Strike
0-2: Ball
1-2: Foul Ball, location: 2F
1-2: Strikes out swinging
Bottom of the 8th over - 0 runs, 0 hits, 0 errors, 0 left on base; Staten Island 0 - Moose Jaw 5
TOP OF THE 9TH
Staten Island Pizza Rats batting - Pitching for Moose Jaw Canucks : RHP Luis Cuevas
Batting: RHB Jack Lynch 0-0: Ball
1-0: Ball
2-0: Ground out 6-3 (Groundball, 6S)
Batting: LHB Carlos Sánchez 0-0: Ball
1-0: Called Strike
1-1: Called Strike
1-2: Ball
2-2: Strikes out swinging
Batting: LHB Puck Schit 0-0: Ball
1-0: Hit by Pitch
Batting: RHB Albert McBride 0-0: Called Strike
0-1: Fly out, F9 (Flyball, 9S)
Top of the 9th over - 0 runs, 0 hits, 0 errors, 1 left on base; Staten Island 0 - Moose Jaw 5
Friday, March 29th, 2019 - OOTP Baseball 18.8 Build 76